 Dungeon Crawl Stone Soup version 0.26.1-11-gd32895ea62 (webtiles) character file.

Game seed: 3961026255476617936

7415 infcreate the Covert (level 10, 58/58 HPs)
             Began as a Vampire Necromancer on June 26, 2021.
             Was a Priest of Kikubaaqudgha.
             Quit the game on level 10 of the Dungeon.
             The game lasted 00:53:05 (14347 turns).

infcreate the Covert (Vampire Necromancer)         Turns: 14347, Time: 00:53:05

Health: 58/58      AC:  9    Str:  7    XL:     10   Next: 93%
Magic:  17/17      EV: 18    Int: 19    God:    Kikubaaqudgha [***...]
Gold:   629        SH:  0    Dex: 17    Spells: 1/19 levels left

rFire    + . .     SeeInvis +   j - +6 dagger
rCold    + + +     Faith    .   (no shield)
rNeg     + + +     Spirit   .   z - +1 steam dragon scales
rPois    ∞         Reflect  .   (no helmet)
rElec    .         Harm     .   x - scarf {rC+ rF+}
rCorr    .         Rampage  .   s - +2 pair of gloves
Will     ++...                  (no boots)
Stlth    ++++++++..             (no amulet)
HPRegen  0.19/turn              Q - ring of stealth
MPRegen  0.15/turn              e - ring of willpower

@: bloodless
A: fangs 3, see invisible, unbreathing
a: Bat Form, Revivify, Renounce Religion, Receive Corpses


You were on level 10 of the Dungeon.
You worshipped Kikubaaqudgha.
Kikubaaqudgha was most pleased with you.
You visited 2 branches of the dungeon, and saw 11 of its levels.

You collected 629 gold pieces.


Innate Abilities, Weirdness & Mutations

You do not regenerate when monsters are visible.
You are frail without blood (-20% HP).
You can heal yourself when you bite living creatures.
You are immune to poison.
You have razor-sharp teeth.
You have supernaturally acute eyesight. (SInv)
You can survive without breathing.


   Skills:
 + Level 4.6 Fighting
 * Level 8.2 Short Blades
 * Level 8.5 Dodging
 * Level 11.9 Stealth
 + Level 3.6 Shields
 + Level 5.1 Spellcasting
 + Level 8.3 Necromancy


You had one spell level left.
You knew the following spells:

 Your Spells              Type           Power        Failure   Level
a - Animate Skeleton      Necr           72%          1%          1
d - Animate Dead          Necr           18%          4%          4
n - Dispel Undead         Necr           36%          4%          4
p - Pain                  Necr           100%         1%          1
v - Vampiric Draining     Necr           18%          1%          3
y - Agony                 Necr           36%          11%         5

Your spell library contained the following spells:

 Spells                   Type           Power        Failure   Level
 Apportation              Tloc           8%           12%         1
 Corona                   Hex            4%           12%         1
 Summon Small Mammal      Summ           16%          12%         1
 Sublimation of Blood     Necr           18%          1%          2
 Excruciating Wounds      Necr           18%          11%         5
 Poisonous Vapours        Pois/Air       8%           19%         2
 Confusing Touch          Hex            4%           36%         3
 Conjure Flame            Conj/Fire      4%           36%         3
 Gell's Gravitas          Tloc           2%           36%         3
 Mephitic Cloud           Conj/Pois/Air  4%           36%         3
 Death Channel            Necr           18%          52%         6
 Petrify                  Tmut/Erth      4%           77%         4
 Metabolic Englaciation   Hex/Ice        2%           98%         5
 Yara's Violent Unravell  Hex/Tmut       2%           98%         5
 Simulacrum               Ice/Necr       10%          98%         6
 Freezing Cloud           Conj/Ice/Air   2%           100%        6

Inventory:

Hand Weapons
 j - a +6 dagger (weapon)
Armour
 s - a +2 pair of gloves (worn)
 t - a +1 buckler
 x - a scarf of resistance (worn)
 z - +1 steam dragon scales (worn)
Jewellery
 e - a ring of willpower (right hand)
 B - a +4 ring of slaying {unknown}
 C - an uncursed ring of protection from cold
 Q - a ring of stealth (left hand)
Wands
 g - a wand of disintegration (11)
 m - a wand of acid (11)
 v - a wand of polymorph (12)
 y - a wand of enslavement (9)
Scrolls
 a - a scroll of vulnerability {unknown}
 b - 3 scrolls of amnesia
 d - 14 scrolls of identify {@r1}
 f - 3 scrolls of blinking
 i - 3 scrolls of fear
 k - a scroll of fog
 o - 2 scrolls of teleportation {@r4}
 p - a scroll of immolation {unknown}
 q - 4 scrolls of remove curse {@r2}
 r - 2 scrolls of magic mapping {unknown}
 A - a scroll of brand weapon {unknown}
Potions
 c - 5 potions of curing {@q1}
 h - 3 potions of mutation {unknown}
 l - 4 potions of heal wounds {unknown}
 n - a potion of attraction {unknown}
 u - a potion of berserk rage {unknown}
 w - a potion of ambrosia {unknown}

Dungeon Overview and Level Annotations

Branches:
Dungeon (10/15)            Temple (1/1) D:6            Lair (0/6) D:10
    Orc (0/2) D:9

Altars:
Ashenzari
Cheibriados
Dithmenos
Elyvilon
Fedhas
Gozag
Hepliaklqana
Kikubaaqudgha
Makhleb
Nemelex Xobeh
Okawaru
Qazlal
Ru
Sif Muna
Trog
Uskayaw
Vehumet
Wu Jian
Xom
Yredelemnul
Zin
The Shining One
Lugonu

Shops:
D:4 [   D:6 *

Annotations:
D:4 3 runed translucent doors, Statics's ghost, amateur DrFi

...##
▓.######..........# .###
▓.................# ...
▓......########...# ....
▓▓▓▓...#......#...##
..... ▓...#......#.....
..... ▓...#......#.####
.. ▓...'......#.# .Y
▓▓▓▓▓▓▓▓...#####'##)# .(
.......@....).......# #
....................####
#
................).......
#
....<.......###'####.###
............#......#.#..
............#..}...#.#..
............#......#.#..
....###.....#......'.##'
#>....#......#....


There were no monsters in sight!


Message History

The shadow imp is severely wounded.
The shadow imp completely misses you.
You closely miss the shadow imp.
The shadow imp is severely wounded.
You hit the shadow imp.
You kill the shadow imp!
Kikubaaqudgha accepts your kill.
No target in view!
You start resting.
A gargoyle is nearby!
Casting: Pain (safe; 1% risk of failure)
Confirm with . or Enter, or press ? or * to list all spells.
Aiming: Vampiric Draining (safe; 1% risk of failure)
Press: ? - help, Shift-Dir - straight line, f - gargoyle
Aim: a gargoyle, wielding a +0 flail (wandering, hasn't noticed you)
You can't drain life from that!
Casting: Vampiric Draining (safe; 1% risk of failure)
Confirm with . or Enter, or press ? or * to list all spells.
You can't see any susceptible monsters within range! (Use Z to cast anyway.)
You close the door.
There is an open door here.
HP restored.
Items here: ))) [ ††.
You open the door.
There is an open door here.
There is an open door here.
You open the door.
There is an open door here.
There is an open door here.
Are you sure you want to abandon this character and quit the game? (Confirm with "yes".)

Skill      XL: |  1  2  3  4  5  6  7  8  9 10 |
---------------+-------------------------------+-----
Short Blades   | 1 2 3 4 5 6 8 |  8.2
Stealth        | 4 5 7 8 10 11 | 11.9
Fighting       | 1 2 3 4 |  4.6
Dodging        | 3 4 6 7 8 |  8.5
Necromancy     | 5 6 7 8 |  8.3
Spellcasting   | 3 4 5 |  5.1
Shields        | 1 2 3 |  3.6

Action                   |  1- 3 |  4- 6 |  7- 9 | 10-12 || total
-------------------------+-------+-------+-------+-------++-------
Melee: Unarmed           |     1 |       |       |       ||     1
       Dagger            |     7 |    14 |   269 |   222 ||   512
       Bite              |     2 |       |    21 |    20 ||    43
 Cast: Pain              |    74 |   102 |   137 |    55 ||   368
       Vampiric Draining |       |     3 |    36 |    29 ||    68
       Agony             |       |       |     1 |    10 ||    11
       Dispel Undead     |       |       |       |     5 ||     5
 Abil: Exsanguinate      |     1 |       |       |       ||     1
  Use: Scroll            |     4 |     4 |    11 |     5 ||    24
 Stab: Sleeping          |     1 |     7 |    28 |     5 ||    41
Armor: Robe              |     1 |       |    51 |       ||    52
       Steam dragon scal |       |       |     4 |    51 ||    55
Dodge: Dodged            |     8 |    20 |   186 |   125 ||   339

Levels and vault maps discovered:
D:1:      sevenhm_arrival_forest_fort_large_2, layout_rooms,
          chequers_serial_rivers_small_b, minmay_tree_intersection
D:2:      wander_river, layout_basic, minivault_23, st_stairs_6
D:3:      layout_loops_cross, uniq_jessica
D:4:      layout_gridville, ebering_ghost_gozag, serial_shops,
          nicolae_shop_stone, nemelex_dance_club_becter, uniq_edmund
D:5:      layout_gridville, serial_bayou_pond_a, okawaru_metal_pillars_1_2
D:6:      layout_loops_ring, minmay_temple_entry_poolview, basic_altar,
          amcnicky_mini_pool_small, grunt_ministairs_11, minmay_shop_damaged,
          fedhas_ov_isle_minmay, uniq_maggie
D:7:      layout_rooms, minitemple, minmay_misc_feat_roman, uniq_duvessa
D:8:      layout_basic
D:9:      layout_roguey, orc_0_dummy
D:10:     layout_irregular_city, erik_lair_orcish_takeover,
          minmay_misc_feat_encased
Temple:   corrupted_temple

Notes
Turn   | Place    | Note
-------+----------+-------------------------------------------
     0 | D:1      | infcreate the Vampire Necromancer began the quest for the
                  | Orb.
     0 | D:1      | Reached XP level 1. HP: 13/13 MP: 3/3
   458 | D:1      | Reached XP level 2. HP: 15/15 MP: 0/5
   589 | D:1      | Learned a level 1 spell: Animate Skeleton
  1075 | D:2      | Reached skill level 1 in Short Blades
  1245 | D:2      | Reached XP level 3. HP: 19/20 MP: 0/6
  1623 | D:2      | You fall into a shaft and drop 1 floor!
  2168 | D:2      | Learned a level 3 spell: Vampiric Draining
  2213 | D:3      | Reached skill level 4 in Stealth
  2213 | D:3      | Reached XP level 4. HP: 24/24 MP: 3/7
  2342 | D:3      | Noticed Jessica
  2347 | D:3      | Killed Jessica
  2348 | D:3      | Reached skill level 1 in Fighting
  2348 | D:3      | Reached skill level 3 in Dodging
  2348 | D:3      | Reached skill level 5 in Necromancy
  2493 | D:3      | Reached skill level 2 in Short Blades
  2659 | D:3      | Reached XP level 5. HP: 29/29 MP: 8/8
  3712 | D:3      | Reached skill level 5 in Stealth
  3812 | D:3      | Learned a level 4 spell: Animate Dead
  3818 | D:4      | Reached XP level 6. HP: 20/34 MP: 0/9
  3966 | D:4      | Reached skill level 3 in Short Blades
  4068 | D:4      | Found a sparkling altar of Nemelex Xobeh.
  4111 | D:4      | Found Lekheh's Armour Shop.
  4932 | D:4      | Found a runed translucent gate.
  4932 | D:4      | Found a runed translucent gate.
  4932 | D:4      | Found a runed translucent gate.
  4933 | D:4      | Found an opulent altar of Gozag.
  4934 | D:4      | Noticed Statics's ghost (amateur DrFi)
  4962 | D:4      | Reached skill level 4 in Dodging
  5049 | D:4      | Noticed Edmund
  5168 | D:4      | Reached XP level 7. HP: 39/39 MP: 11/11
  5233 | D:5      | Entered Level 5 of the Dungeon
  5343 | D:5      | Found an iron altar of Okawaru.
  5525 | D:5      | Reached skill level 6 in Stealth
  5979 | D:5      | Reached skill level 2 in Fighting
  5979 | D:5      | Reached skill level 6 in Necromancy
  6155 | D:5      | Reached skill level 3 in Spellcasting
  6512 | D:5      | Reached skill level 4 in Short Blades
  6658 | D:4      | Killed Edmund
  6659 | D:4      | Reached skill level 7 in Stealth
  6789 | D:6      | Reached XP level 8. HP: 45/45 MP: 12/12
  6866 | D:6      | Noticed Maggie
  6991 | D:6      | Found a blossoming altar of Fedhas.
  7025 | D:6      | Reached skill level 5 in Dodging
  7247 | D:6      | Found a staircase to the Ecumenical Temple.
  7256 | Temple   | Entered the Ecumenical Temple
  7270 | Temple   | Became a worshipper of Kikubaaqudgha
  7410 | D:6      | Found a basalt altar of Yredelemnul.
  7458 | D:6      | Found Waufutwo's Lightly-Used Armoury.
  7730 | D:7      | Reached skill level 5 in Short Blades
  7730 | D:7      | Reached skill level 8 in Stealth
  7814 | D:7      | Noticed Duvessa
  7816 | D:7      | Noticed Dowan
  7918 | D:7      | Killed Duvessa
  8016 | D:7      | Killed Dowan
  8112 | D:7      | Learned a level 5 spell: Agony
  8144 | D:7      | Identified a scarf of resistance (You found it on level 7
                  | of the Dungeon)
  8204 | D:7      | Reached * piety under Kikubaaqudgha
  8204 | D:7      | Identified Kikubaaqudgha's Catalogue of Evil Arts
                  | (Kikubaaqudgha gifted it to you on level 7 of the Dungeon)
  8204 | D:7      | Received a gift from Kikubaaqudgha
  8205 | D:7      | Reached skill level 3 in Fighting
  8205 | D:7      | Reached skill level 1 in Shields
  8205 | D:7      | Reached skill level 7 in Necromancy
  8278 | D:7      | Found a snail-covered altar of Cheibriados.
  8532 | D:7      | Reached skill level 6 in Dodging
  8532 | D:7      | Reached XP level 9. HP: 50/50 MP: 6/14
  8581 | D:7      | Found a shimmering altar of Xom.
  8583 | D:7      | Found a blossoming altar of Fedhas.
  8589 | D:7      | Found a shadowy altar of Dithmenos.
  8590 | D:7      | Found a shimmering blue altar of Sif Muna.
  8590 | D:7      | Found an ornate altar of the Wu Jian Council.
  8590 | D:7      | Found a hide-covered altar of Uskayaw.
  8590 | D:7      | Found a sacrificial altar of Ru.
  8591 | D:7      | Found a basalt altar of Yredelemnul.
  8592 | D:7      | Found a glowing golden altar of the Shining One.
  8593 | D:7      | Found a hazy altar of Hepliaklqana.
  8594 | D:7      | Found a radiant altar of Vehumet.
  8595 | D:7      | Found a broken altar of Ashenzari.
  9035 | D:8      | Reached skill level 9 in Stealth
  9647 | D:8      | Reached skill level 6 in Short Blades
  9654 | D:8      | Reached skill level 4 in Spellcasting
  9975 | D:8      | Reached skill level 2 in Shields
 10385 | D:7      | Reached ** piety under Kikubaaqudgha
 10609 | D:6      | Killed Maggie
 10610 | D:6      | Reached skill level 7 in Dodging
 10610 | D:6      | Reached skill level 10 in Stealth
 10940 | D:9      | Found a staircase to the Orcish Mines.
 11049 | D:9      | Reached XP level 10. HP: 56/56 MP: 16/16
 11209 | D:9      | Reached skill level 7 in Short Blades
 11631 | D:9      | Reached skill level 4 in Fighting
 12206 | D:8      | Reached skill level 3 in Shields
 12317 | D:8      | Reached skill level 11 in Stealth
 12707 | D:10     | Entered Level 10 of the Dungeon
 12811 | D:10     | Reached skill level 8 in Necromancy
 12936 | D:10     | Reached skill level 8 in Dodging
 13213 | D:10     | Reached *** piety under Kikubaaqudgha
 13213 | D:10     | Identified Kikubaaqudgha's Volume of Sinister Rituals
                  | (Kikubaaqudgha gifted it to you on level 10 of the Dungeon)
 13213 | D:10     | Received a gift from Kikubaaqudgha
 13226 | D:10     | Learned a level 4 spell: Dispel Undead
 13480 | D:10     | Reached skill level 5 in Spellcasting
 13626 | D:10     | Reached skill level 8 in Short Blades
 13627 | D:10     | Found a staircase to the Lair.
 13754 | D:10     | HP: 5/58 [orc priest/divine providence (12)]
 13831 | D:10     | HP: 5/58 [bullfrog (6)]
 14249 | D:10     | Noticed a gargoyle
 14347 | D:10     | Quit the game

Vanquished Creatures
  Maggie (D:6)
  A centaur skeleton (D:10)
  2 hornets (D:10)
  A wraith (D:9)
  A wyvern (D:8)
  9 yaks
  Edmund (D:4)
  2 wargs (D:10)
  3 orc warriors
  Duvessa (D:7)
  A water moccasin (D:10)
  An ice beast (D:10)
  2 black bears
  3 sky beasts
  2 phantoms
  4 ogres
  4 centaurs
  A big kobold (D:9)
  8 bullfrogs
  Dowan (D:7)
  A water moccasin zombie (D:8)
  A gnoll sergeant (D:8)
  2 scorpions
  13 wights
  A bullfrog skeleton (D:7)
  2 hounds
  5 jellies
  7 orc priests
  2 iguanas
  Jessica (D:3)
  10 orc wizards
  3 worker ants
  A hound zombie (D:6)
  7 gnolls
  12 adders
  2 shadow imps
  6 white imps
  3 ufetubi
  4 oozes
  2 adder skeletons
  An adder zombie (D:6)
  4 worms
  4 leopard geckos
  40 orcs
  4 giant cockroaches (D:3)
  2 goblins
  6 hobgoblins
  4 jackals (D:7)
  4 quokkas
  3 ball pythons
  5 bats
  4 frilled lizards
  A giant cockroach zombie (D:5)
  6 kobolds
  A leopard gecko skeleton (D:4)
  3 rats
226 creatures vanquished.

Vanquished Creatures (others)
  3 plants (D:5)
3 creatures vanquished.

Grand Total: 229 creatures vanquished

Table legend: (Time is in decaauts)
 A = Elapsed time spent in this place.
 B = Non-inter-level travel time spent in this place.
 C = Inter-level travel time spent in this place.
 D = Time resting spent in this place.
 E = Time spent auto-exploring this place.
 F = Levels seen in this place.
 G = Mean time per level.
                   A        B        C        D        E       F      G
               +--------+--------+--------+--------+--------+-----+--------+
         Total |  14207 |  12419 |   1788 |   5523 |      0 |  11 | 1291.5 |
       Dungeon |  14178 |  12390 |   1788 |   5523 |      0 |  10 | 1417.8 |
        Temple |     28 |     28 |      0 |      0 |      0 |   1 |   28.0 |
               +--------+--------+--------+--------+--------+-----+--------+

Top non-repeatable levels by time:
     D:8: 2108 daAuts
     D:4: 1769 daAuts
     D:3: 1700 daAuts
    D:10: 1564 daAuts
     D:9: 1402 daAuts
     D:5: 1242 daAuts
     D:7: 1202 daAuts
     D:6: 1127 daAuts
     D:2: 1103 daAuts
     D:1: 959 daAuts
  Temple: 28 daAuts

Table legend:
 A = Non-vault XP
 B = Vault XP
 C = Vault XP percentage of total XP
 D = Non-vault monster count
 E = Vault monster count
 F = Vault count percentage of total count
                 A         B        C        D         E       F
            +---------+---------+-------+---------+---------+-------
      Total |    9266 |    1328 |  12.5 |     210 |      16 |   7.1
            +---------+---------+-------+---------+---------+-------
        D:1 |      19 |       0 |   0.0 |       9 |       0 |   0.0
        D:2 |      43 |       7 |  14.0 |      12 |       1 |   7.7
        D:3 |     199 |      37 |  15.7 |      31 |       1 |   3.1
        D:4 |     431 |     181 |  29.6 |      17 |       3 |  15.0
        D:5 |     461 |       0 |   0.0 |       9 |       0 |   0.0
        D:6 |     663 |     437 |  39.7 |      16 |       2 |  11.1
        D:7 |     669 |     223 |  25.0 |      23 |       2 |   8.0
        D:8 |    2419 |       0 |   0.0 |      40 |       0 |   0.0
        D:9 |    1666 |       0 |   0.0 |      26 |       0 |   0.0
       D:10 |    2696 |     443 |  14.1 |      27 |       7 |  20.6
            +---------+---------+-------+---------+---------+-------
